[Event "7th Sinquefield Cup GCT 2019"]
[Site "Saint Louis"]
[Date "2019.08.28"]
[Round "11.2"]
[White "Vachier-Lagrave, Maxime"]
[Black "Carlsen, Magnus"]
[Result "0-1"]
[ECO "B31"]
[WhiteElo "2778"]
[BlackElo "2882"]
[Annotator "RC"]
[PlyCount "88"]
[EventDate "2019.08.17"]
[EventType "tourn"]
[EventCountry "USA"]
[SourceTitle "playchess.com"]
[Source "ChessBase"]
[SourceQuality "1"]
[TimeMode "Bronstein"]
[TimeControl "7800+30"]

1. e4 c5 2. Nf3 Nc6 3. Bb5 g6 4. Bxc6 bxc6 5. d4 cxd4 6. Qxd4 f6 7. O-O d6 8. c4 c5 9. Qd3 Bg7 10. b3 Nh6 11. Nc3 Rb8 12. Bd2 O-O 13. Rae1 Nf7 14. h4 Rb7 15. h5 g5 16. Nh2 Ne5 17. Qg3 Kh8 18. f4 gxf4 19. Bxf4 Rg8 20. Re3 Nc6 21. Qf2 f5 22. Nf3 Bxc3 23. Rxc3 e5 24. Rd3 exf4 25. Qb2+ Rbg7 26. h6 fxe4 27. Rd2 exf3 28. hxg7+ Rxg7 29. Rxf3 Qg5 30. Rdf2 Nd4 31. Rxf4 Bf5 32. b4 Be6 33. Rf8+ Bg8 34. bxc5 dxc5 35. Qb8 Qe3 36. Qd6 Qc1+ 37. Kh2 Qg5 38. Qd5 Qh4+ 39. Kg1 Qe7 40. Qh5 Qe3 41. Qh4 Ne2+ 42. Kh1 Qc1+ 43. Rf1 Ng3+ 44. Kg1 Qe3+ 0-1